 Dungeon Crawl Stone Soup version 0.17.0-28-g6e173f8 (console) character file.

396 Kloppie the Vexing (level 6, -2/28 HPs)
             Began as a Spriggan Enchanter on Nov 29, 2015.
             Slain by Prince Ribbit (17 damage)
             ... on level 5 of the Dungeon.
             The game lasted 00:09:00 (4300 turns).

Kloppie the Vexing (Spriggan Enchanter)             Turns: 4300, Time: 00:09:00

Health: -2/28      AC:  6    Str:  4    XL:     6   Next: 52%
Magic:  2/11       EV: 18    Int: 19    God:
Gold:   234        SH:  0    Dex: 16    Spells: 3 memorised, 4 levels left

rFire  . . .     SeeInvis +     a - +1 dagger
rCold  . . .     Clarity  .     b - +1 robe
rNeg   . . .     SustAt   .     (shield restricted)
rPois  .         Gourm    .     (helmet restricted)
rElec  .         Spirit   .     t - +2 cloak
rCorr  .         Warding  .     (gloves unavailable)
rMut   .         Stasis   .     (boots unavailable)
MR     +....                    (no amulet)
Stlth  +++.......               (no ring)
                                (no ring)

@: very slightly contaminated, very quick, somewhat resistant to hostile
enchantments, fairly stealthy
A: unfitting armour, see invisible, herbivore 3, speed 3, slow metabolism 2
a: no special abilities


You were on level 5 of the Dungeon.
You were not hungry.

You visited 1 branch of the dungeon, and saw 5 of its levels.

You collected 234 gold pieces.

Inventory:

Hand Weapons
 a - a +1 dagger (weapon)
Armour
 b - a +1 robe (worn)
 n - a +0 buckler
 t - a +2 cloak (worn)
Jewellery
 f - a +4 ring of intelligence {unknown}
 l - an uncursed amulet of resist mutation {unknown}
 p - an uncursed ring of sustain attributes {unknown}
Wands
 u - a wand of disintegration (5)
 v - a wand of heal wounds (4)
Scrolls
 g - a scroll of immolation {unknown}
 i - a scroll of remove curse {unknown}
 k - 2 scrolls of magic mapping {unknown}
 m - 7 scrolls of identify {unknown}
 o - 2 scrolls of teleportation {unknown}
 q - 2 scrolls of noise {unknown}
 r - a scroll of recharging {unknown}
 s - a scroll of enchant weapon {unknown}
Potions
 e - 4 potions of flight
 h - 2 potions of curing
 j - a potion of degeneration {unknown}
Books
 c - a book of Maledictions

   Spells                             Type                      Level
   a - Corona                         Hexes                        1
   b - Ensorcelled Hibernation        Hexes/Ice                    2
   c - Confuse                        Hexes                        3
   d - Tukima's Dance                 Hexes                        3
   e - Dazzling Spray                 Conjuration/Hexes            3
Comestibles
 d - 5 bread rations


   Skills:
 + Level 5.5 Short Blades
 - Level 3.0 Dodging
 + Level 4.6 Stealth
 - Level 2.6 Spellcasting
 - Level 6.4 Hexes


You had 4 spell levels left.
You knew the following spells:

 Your Spells              Type           Power        Failure   Level  Hunger
a - Corona                Hex            ####...      1%          1    None
b - Ensorcelled Hibernat  Hex/Ice        ##....       10%         2    ##.....
c - Confuse               Hex            ####....     3%          3    ###....


Dungeon Overview and Level Annotations

Branches:
Dungeon (5/15)
 Temple: D:4-7

Altars:
Ashenzari

Annotations:
D:3 exclusion: giant frog, Arkorax's ghost, amateur VSMo
D:5 exclusion: 2 sky beasts, Menkaure; Prince Ribbit


Innate Abilities, Weirdness & Mutations

You are tiny and cannot use many weapons and most armour.
You have supernaturally acute eyesight.
You are a herbivore.
You cover ground extremely quickly.
You need consume almost no food.


Message History

Prince Ribbit says, "You're just another fly to me."
You climb upwards.
The gnoll hits you but does no damage. The orc completely misses you.
There is a stone staircase leading down here.
You see here 2 tomahawks.
There are monsters nearby!
The gnoll misses you. The orc misses you.
You climb downwards.
Level annotation: exclusion: 2 sky beasts, Menkaure; Prince Ribbit Prince Ribbit hits you.
Prince Ribbit barely misses you.
There is a stone staircase leading up here.
You hit the gnoll.
The gnoll is lightly wounded.
Prince Ribbit barely misses you. The orc hits you but does no damage.
The gnoll hits you with a flail.
You hit the gnoll.
The gnoll is lightly wounded.
Prince Ribbit hits you!
Ouch! That really hurt!
You die...

###.#..<......#
######...#...#####.#########
.......#####..............)#
######...#...####.......##.#
###.#..## #........##.#
....# #.#####..##.#
........##.# #..##.#
##..#.#..Fo# #..##.#
#..#.####@# #..##.# # #.
#g#####..##.# Y#
#...........##### ..#
...#####...#####..#...## ..#
...........# ##...>...# ..##
##########.# #......... ...#
#.# #..#.....# #..#### #.#
#..##...## .......
###.####..###.##


You could see Prince Ribbit, a gnoll and an orc.

Vanquished Creatures
  Sigmund (D:5)
  A giant frog zombie (D:5)
  Crazy Yiuf (D:3)
  A centaur zombie (D:5)
  A worker ant (D:5)
  A gnoll (D:3)
  3 adders
  An ooze (D:1)
  2 worms (D:2)
  3 giant geckos
  9 orcs
  2 giant cockroaches
  6 hobgoblins
  5 jackals
  A quokka (D:2)
  A ball python (D:1)
  6 bats
  A giant newt (D:2)
  9 goblins
  9 kobolds
  5 rats
69 creatures vanquished.

Notes
Turn   | Place    | Note
--------------------------------------------------------------
     0 | D:1      | Kloppie the Spriggan Enchanter began the quest for the Orb.
     0 | D:1      | Reached XP level 1. HP: 9/9 MP: 5/5
   144 | D:1      | Reached XP level 2. HP: 13/13 MP: 6/6
   152 | D:1      | Learned a level 2 spell: Ensorcelled Hibernation
  1060 | D:2      | Reached XP level 3. HP: 16/16 MP: 8/8
  1077 | D:2      | Found a shattered altar of Ashenzari.
  2332 | D:3      | Reached XP level 4. HP: 17/21 MP: 4/9
  2536 | D:3      | Learned a level 3 spell: Confuse
  2716 | D:3      | Noticed Crazy Yiuf
  2722 | D:3      | Killed Crazy Yiuf
  2722 | D:3      | Reached skill level 5 in Hexes
  2874 | D:3      | Noticed a giant frog
  3087 | D:3      | Noticed Arkorax's ghost (amateur VSMo)
  3129 | D:5      | Entered Level 5 of the Dungeon
  3155 | D:5      | Reached XP level 5. HP: 21/24 MP: 10/10
  3227 | D:5      | Noticed a sky beast
  3241 | D:5      | Noticed Menkaure
  3803 | D:5      | Noticed a sky beast
  4004 | D:5      | Noticed Sigmund
  4024 | D:5      | Killed Sigmund
  4024 | D:5      | Reached skill level 5 in Short Blades
  4024 | D:5      | Reached skill level 6 in Hexes
  4024 | D:5      | Reached XP level 6. HP: 28/28 MP: 3/11
  4276 | D:5      | Noticed Prince Ribbit
  4300 | D:5      | Slain by Prince Ribbit

Action                   |  1- 3 |  4- 6 || total
-------------------------+-------+-------++-------
Melee: Dagger            |   122 |   117 ||   239
 Cast: Corona            |    13 |    11 ||    24
       Ensorcelled Hiber |     6 |     9 ||    15
       Confuse           |       |     6 ||     6
  Use: Potion            |       |     2 ||     2
 Stab: Sleeping          |    17 |     6 ||    23
       Confused          |       |     3 ||     3
  Eat: Bread ration      |       |     1 ||     1
